 Dungeon Crawl Stone Soup version 0.31-a0-217-g58bb5d79cf (webtiles) character file.

Game seed: 13919982792676995318

153 qw the Shooter (level 5, -6/30 HPs)
             Began as a Gargoyle Hexslinger on July 2, 2023.
             Mangled by Grinder (7 damage)
             ... on level 3 of the Dungeon.
             The game lasted 00:00:55 (1929 turns).

qw the Shooter (Gargoyle Hexslinger)                Turns: 1929, Time: 00:00:56

Health: -6/30      AC: 10    Str: 11    XL:     5   Next: 35%
Magic:  6/6        EV: 10    Int: 14    God:
Gold:   131        SH:  0    Dex: 14    Spells: 5/6 levels left

rFire   . . .        Y - +1 sling
rCold   . . .        (no shield)
rNeg    + . .        f - +0 ring mail
rPois   inf          (no helmet)
rElec   +            (no cloak)
rCorr   .            (no gloves)
SInv    +            j - +0 pair of boots
Will    .....        (no amulet)
Stlth   +            d - ring of see invisible
HPRegen 0.25/turn    (no ring)
MPRegen 0.10/turn

%: no passive effects
@: no status effects
A: sickness immunity, AC +4, negative energy resistance 1, electricity
resistance, torment resistance 1, petrification resistance
a: no special abilities


You were on level 3 of the Dungeon.
You visited 1 branch of the dungeon, and saw 3 of its levels.

You collected 131 gold pieces.


Innate Abilities, Weirdness & Mutations

You are immune to sickness and miasma.
Your stone body is resilient. (AC +4)
You are immune to poison.
You resist negative energy. (rN+)
You are resistant to electric shocks. (rElec)
You are resistant to unholy torment.
You are immune to petrification.


   Skills:
 - Level 2.0 Fighting
 + Level 4.9 Ranged Weapons
 - Level 1.2 Armour
 - Level 1.5 Dodging
 - Level 1.0 Spellcasting
 - Level 2.6 Hexes


You had 5 spell levels left.
You knew the following spells:

 Your Spells              Type           Power      Damage    Failure   Level
a - Slow                  Hex            32%        N/A       21%         1

Your spell library contained the following spells:

 Spells                   Type           Power      Damage    Failure   Level
 Inner Flame              Hex/Fire       4%         N/A       71%         3
 Portal Projectile        Hex/Tloc       8%         N/A       71%         3
 Cause Fear               Hex            4%         N/A       90%         4

Inventory:

Hand Weapons
 Y - a +1 sling (weapon)
Armour
 f - a +0 ring mail (worn)
 j - a +0 pair of boots (worn)
Jewellery
 a - a ring of protection from fire
 d - a ring of see invisible (left hand)
 e - a ring of ice
Scrolls
 i - a scroll of identify
Potions
 k - a potion of resistance {unknown}
 l - a potion of attraction {unknown}
 m - a potion of curing {unknown}

Dungeon Overview and Level Annotations

Branches:
Dungeon (3/15)

Altars:

Annotations:
D:3 Grinder


Message History

You shoot a sling bullet.
The sling bullet barely misses the adder.
You hear the slow rusting of a drain nearby.
The adder bites you but does no damage. Grinder gestures at you.
You resist with significant effort. The adder barely misses you.
The adder closely misses you. x2; Grinder hits you.
You shoot a sling bullet. The sling bullet hits the adder.
You kill the adder!
The adder closely misses you. Grinder hits you.
You writhe in agony.
The adder bites you but does no damage.
Your Armour skill increases to level 1!
You shoot a sling bullet.
The sling bullet closely misses Grinder.
The adder barely misses you. Grinder barely misses you.
You shoot a sling bullet.
The sling bullet closely misses Grinder.
The adder completely misses you. Grinder gestures at you.
Pain shoots through your body! The adder bites you but does no damage.
Grinder completely misses you.
You shoot a sling bullet.
The sling bullet hits Grinder but does no damage.
Grinder is lightly wounded.
The adder bites you but does no damage.
Grinder says, "Don't move a muscle."
Grinder barely misses you. The adder barely misses you.
You shoot a sling bullet. The sling bullet hits Grinder.
Grinder is moderately wounded.
The adder closely misses you. Grinder barely misses you.
You shoot a sling bullet.
The sling bullet closely misses Grinder.
The adder bites you. Grinder hits you.
You writhe in agony.
The adder barely misses you.
You shoot a sling bullet. The sling bullet hits Grinder.
Grinder is moderately wounded.
The adder barely misses you. Grinder hits you. The adder closely misses you.
Grinder grins, showing sharp teeth.
Grinder hits you!
You die...

...............# ..
.....%#.......#.........
.....##.......#.........
....####................
##### #......#.........
##...###......... #.#.##
#.?......
##.#..###5.......
#..##....@%......
#####.######..S......
##.....# #.........
#..##### #......... #.##
#.......!. ###.###
##........ .....>#
##....... ......#
#####.. ......##.#


You could see Grinder and an adder.

Vanquished Creatures
  9 adders
  3 worms (D:2)
  An orc (D:2)
  6 endoplasms
  2 giant cockroaches (D:2)
  2 goblins
  10 hobgoblins
  3 jackals (D:1)
  7 ball pythons
  4 bats
  2 frilled lizards (D:2)
  10 kobolds
  5 rats
64 creatures vanquished.

Notes
Turn   | Place    | Note
-------+----------+-------------------------------------------
     0 | D:1      | qw the Gargoyle Hexslinger began the quest for the Orb.
     0 | D:1      | Reached XP level 1. HP: 12/12 MP: 2/2
     0 | D:1      | 0 ||| qw: Version: 0.3-a-40-ge99b1a8
     0 | D:1      | 0 ||| qw: Game counter: 249
     0 | D:1      | 0 ||| qw: Melee chars always use a shield: true
     0 | D:1      | 0 ||| qw: God list: Okawaru
     0 | D:1      | 0 ||| qw: Allow faded altars: false
     0 | D:1      | 0 ||| qw: Do Orc after clearing Dungeon:15 true
     0 | D:1      | 0 ||| qw: Do second Lair branch before Depths: true
     0 | D:1      | 0 ||| qw: Lair rune preference: random
     0 | D:1      | 0 ||| qw: Goals: Normal
     0 | D:1      | 0 ||| PLANNING D:1-11
   213 | D:1      | Reached XP level 2. HP: 13/16 MP: 3/3
   290 | D:1      | Reached skill level 3 in Ranged Weapons
   714 | D:1      | 714 ||| UPGRADING to ring of see invisible.
   715 | D:1      | 715 ||| DROPPING scroll of poison.
   781 | D:2      | Reached XP level 3. HP: 21/21 MP: 4/4
  1097 | D:2      | Reached XP level 4. HP: 26/26 MP: 5/5
  1112 | D:2      | Reached skill level 4 in Ranged Weapons
  1250 | D:2      | 1250 ||| Stepping ~*~*~tactically~*~*~ (outnumbered).
  1453 | D:2      | Reached XP level 5. HP: 20/30 MP: 6/6
  1748 | D:2      | 1748 ||| UPGRADING to +0 leather armour.
  1758 | D:2      | 1758 ||| DROPPING +0 robe.
  1759 | D:2      | 1759 ||| UPGRADING to +0 ring mail.
  1769 | D:2      | 1769 ||| DROPPING +0 leather armour.
  1770 | D:2      | 1770 ||| UPGRADING to +0 pair of boots.
  1775 | D:2      | 1775 ||| READING scroll labelled FUQOBR GIATUI.
  1798 | D:2      | 1798 ||| READING 2 scrolls labelled BOLONAOGY.
  1799 | D:2      | 1799 ||| DRINKING 2 dark potions.
  1800 | D:2      | 1800 ||| DROPPING potion of brilliance.
  1830 | D:3      | 1830 ||| PLANNING SEWER
  1912 | D:3      | Noticed Grinder
  1918 | D:3      | Paralysed by Grinder for 2 turns
  1924 | D:3      | Reached skill level 1 in Armour
  1928 | D:3      | HP: 7/30 [adder (2)]
  1929 | D:3      | HP: 1/30 [Grinder (4)]
  1929 | D:3      | Mangled by Grinder

Levels and vault maps discovered:
D:1:      dpeg_arrival_rhombi, layout_loops_ring
D:2:      layout_loops_ring, minmay_joined_circles
D:3:      layout_rooms, portal_sewer_entry_d, kennysheep_nub, minmay_hedge_maze,
          chequers_hall_statues_corner_a, amethyst_killhole, uniq_terence,
          uniq_grinder

Skill      XL: |  1  2  3  4  5 |
---------------+----------------+-----
Ranged Weapons | 3 4 |  4.9
Fighting       | 2 |  2.0
Armour         | 1 |  1.2
Dodging        | |  1.5
Spellcasting   | |  1.0
Hexes          | |  2.6

Action                     |  1- 3 |  4- 6 || total
---------------------------+-------+-------++-------
   Fire: Sling             |   121 |   144 ||   265
    Use: Scroll            |       |     2 ||     2
         Potion            |       |     1 ||     1
 Armour: Robe              |    18 |    25 ||    43
         Ring mail         |       |     9 ||     9
  Dodge: Dodged            |    37 |    95 ||   132

Table legend:
 A = Non-vault XP
 B = Vault XP
 C = Vault XP percentage of total XP
 D = Non-vault monster count
 E = Vault monster count
 F = Vault count percentage of total count
                 A         B        C        D         E       F
            +---------+---------+-------+---------+---------+-------
      Total |     185 |      34 |  15.5 |      53 |      11 |  17.2
            +---------+---------+-------+---------+---------+-------
        D:1 |      32 |       0 |   0.0 |      21 |       0 |   0.0
        D:2 |     120 |      34 |  22.1 |      26 |      11 |  29.7
        D:3 |      33 |       0 |   0.0 |       6 |       0 |   0.0
            +---------+---------+-------+---------+---------+-------
